Map: Dash and Terminal LE (Void)

Players

GreZ

  • Race: Zerg Zerg
  • League: Diamond

ganahal - Winner!

  • Race: Terran Terran
  • League: Diamond

VOD

Have the link to the VOD?

Description

Time

  • Played on: Oct. 19, 2015, 7:31 a.m.
  • Length: 6:26
Show
View Real Time Build Order
Export as new Build Order

GreZ Zerg 

Build Orders: Hatch First 

Get SALT Encoding   

  12  0:01  Drone  
  13  0:10  Drone  
  14  0:17  Overlord  
  14  0:23  Extractor  
  14  0:25  Drone  
  15  0:39  Drone x2  
  17  0:58  Hatchery  
  17  1:02  Drone x2  
  18  1:18  Spawning Pool  
  18  1:19  Extractor  
  18  1:22  Drone  
  17  1:28  Drone  
  17  1:29  Drone  
  19  1:38  Overlord  
  19  2:02  Drone x2  
  21  2:10  Roach Warren  
  21  2:12  Queen  
  22  2:16  Spine Crawler  
  22  2:21  Queen  
  23  2:23  Zergling x2  
  23  2:26  Drone  
  23  2:29  Drone  
  26  2:33  Drone  
  27  2:39  Drone x2  
  29  2:46  Overlord  
  29  2:56  Overlord  
  29  3:04  Roach x2  
  33  3:07  Roach  
  33  3:10  Queen  
  37  3:17  Drone x2  
  39  3:29  Drone x4  
  43  3:42  Overlord  
  43  3:44  Drone x3  
  46  3:52  Ravager  
  46  3:53  Ravager x2  
  49  3:57  Spore Crawler  
  49  3:59  Spore Crawler  
  49  4:00  Roach  
  49  4:08  Roach x2  
  53  4:10  Queen  
  53  4:16  Overlord  
  55  4:19  Extractor  
  54  4:24  Overlord  
  54  4:26  Overlord, Extractor  
  53  4:43  Roach  
  53  4:44  Roach x3  
  59  4:49  Queen  
  61  4:53  Roach  
  61  4:59  Roach  
  58  5:09  Roach x3  
  53  5:14  Roach  
  51  5:24  Roach  
  50  5:32  Roach  
  50  5:33  Roach  
  38  5:53  Roach  
  32  6:03  Roach x2  
Show
View Real Time Build Order
Export as new Build Order

ganahal Terran - Winner!

Build Orders: 1/1/1, Hellion Opening, Liberator Opening 

Get SALT Encoding   

  12  0:01  SCV  
  13  0:13  SCV  
  14  0:17  Supply Depot  
  14  0:26  SCV  
  15  0:39  SCV  
  15  0:41  Barracks  
  16  0:45  Refinery  
  16  0:50  Refinery  
  16  0:54  SCV  
  17  1:07  SCV  
  18  1:22  SCV  
  19  1:31  Factory  
  19  1:34  Orbital Command  
  19  1:40  Barracks Reactor  
  19  1:46  Supply Depot  
  19  1:59  SCV  
  20  2:11  SCV  
  21  2:16  Starport  
  21  2:21  Hellion x2  
  25  2:23  Barracks Tech Lab  
  25  2:30  Supply Depot  
  25  2:32  SCV  
  26  2:42  Hellion  
  28  2:44  Hellion  
  28  2:47  Liberator  
  33  3:08  Supply Depot  
  33  3:14  Hellion  
  37  3:20  Hellion  
  37  3:32  Liberator  
  37  3:36  Hellion  
  41  3:41  Hellion  
  41  3:42  Armory  
  46  4:02  Hellion  
  48  4:10  Hellion  
  48  4:18  Unknown  
  48  4:22  Supply Depot  
  50  4:24  Hellion  
  50  4:28  Liberator  
  52  4:31  Hellion  
  55  4:49  Hellion  
  59  4:53  Hellion  
  57  5:12  Hellion  
  59  5:14  Hellion, Liberator  
  49  5:33  SCV, Hellion  
  53  5:35  Hellion  
  49  5:55  Hellion  
  53  5:57  Hellion  
Tags
 
Add a new tag
Caveats
  • Supply blocks, unpowered buildings, or Contaminate may cause inaccurate times.
  • Supply counts are checked every 10 seconds.